 Dungeon Crawl Stone Soup version 0.31-a0-188-g5e087ee2ca (webtiles) character file.

Game seed: 10549948225372190963

92 qw the Shooter (level 4, 0/25 HPs)
             Began as a Deep Elf Hunter on June 23, 2023.
             Slain by an adder (3 damage)
             ... on level 3 of the Dungeon.
             The game lasted 00:00:45 (2125 turns).

qw the Shooter (Deep Elf Hunter)                    Turns: 2125, Time: 00:00:45

Health: 0/25       AC:  7    Str: 10    XL:     4   Next: 35%
Magic:  6/6        EV:  9    Int: 14    God:
Gold:   113        SH:  0    Dex: 18    Spells: 3/3 levels left

rFire   . . .        Y - +1 shortbow
rCold   + . .        (shield currently unavailable)
rNeg    . . .        b - +0 scale mail
rPois   .            (no helmet)
rElec   .            j - +0 cloak
rCorr   .            (no gloves)
SInv    .            (no boots)
Will    .....        (no amulet)
Stlth   +            h - ring of protection from cold
HPRegen 0.24/turn    (no ring)
MPRegen 0.10/turn

%: no passive effects
@: lethally poisoned (0 -> -5)
A: no striking features
a: no special abilities


You were on level 3 of the Dungeon.
You visited 1 branch of the dungeon, and saw 4 of its levels.

You collected 113 gold pieces.


   Skills:
 - Level 1.5 Fighting
 + Level 7.8 Ranged Weapons
 - Level 2.4 Dodging
 - Level 1.2 Stealth


You had 3 spell levels left.
You didn't know any spells.
Your spell library was empty.

Inventory:

Hand Weapons
 Y - a +1 shortbow (weapon)
Armour
 b - a +0 scale mail (worn)
 c - a +0 ring mail
 j - a +0 cloak (worn)
Jewellery
 g - a ring of fire
 h - a ring of protection from cold (left hand)
 i - the amulet "Unguulod" {RegenMP rF++ Slay+3}
   (You found it on level 3 of the Dungeon)

   [amulet of magic regeneration]

   It increases your rate of magic regeneration.
   Slay:      It affects your accuracy & damage with ranged weapons and melee
   (+3).
   rF:        It greatly protects you from fire.
Scrolls
 d - 2 scrolls of identify
 k - a scroll of blinking {unknown}
 l - a scroll of immolation {unknown}
Potions
 a - a potion of curing
 e - a potion of haste {unknown}
 f - a potion of invisibility {unknown}

Dungeon Overview and Level Annotations

Branches:
Dungeon (4/15)
 Temple: D:4-7

Altars:
Fedhas


Message History

The worm is severely wounded.
The worm bites you.
You shoot an arrow. The arrow hits the worm!
You kill the worm!
You start resting.
HP restored.
A worm and an adder come into view.
The adder hisses angrily.
Enter note:
Enter note:
Enter note:
Enter note:
Enter note:
Enter note: You shoot an arrow.
The arrow hits the worm!
The worm is heavily wounded.
You shoot an arrow. The arrow hits the worm.
The worm is heavily wounded.
You shoot an arrow. The arrow barely misses the worm.
You shoot an arrow.
The arrow hits the worm but does no damage.
The worm is heavily wounded.
The adder barely misses you. The adder bites you.
You shoot an arrow. The arrow hits the worm.
The worm is heavily wounded.
The adder bites you but does no damage. The worm bites you.
The adder bites you but does no damage.
You shoot an arrow. The arrow completely misses the worm.
The adder bites you.
You are poisoned.
The adder poisons you! The worm bites you. The adder bites you.
You are more poisoned.
The adder poisons you!
You shoot an arrow. The arrow barely misses the worm.
You feel very sick. The adder bites you. The worm bites you but does no damage.
You shoot an arrow. The arrow hits the worm.
The worm is heavily wounded.
You feel sick. The adder bites you.
You die...

..... #....# .....
#....# ..... #....#
..... #....# .....
#....# ##### +....+
# #####..S.# #
......w@.####### #
......##.......# #
..... #..##....# #
.... #........# #
... #........#
###### ## #.###....#
#....# #.
#####'####....# ..
#..............
######.............#


You could see a worm and an adder.

Vanquished Creatures
  4 adders
  3 worms
  An orc (D:3)
  5 endoplasms
  4 giant cockroaches
  7 goblins
  2 hobgoblins
  2 quokkas
  6 ball pythons
  4 bats
  3 frilled lizards
  2 kobolds (D:1)
  4 rats
47 creatures vanquished.

Notes
Turn   | Place    | Note
-------+----------+-------------------------------------------
     0 | D:1      | qw the Deep Elf Hunter began the quest for the Orb.
     0 | D:1      | Reached XP level 1. HP: 12/12 MP: 3/3
     0 | D:1      | 0 ||| qw: Version: 0.3-a-9-g12657ce
     0 | D:1      | 0 ||| qw: Game counter: 4218
     0 | D:1      | 0 ||| qw: Always use a shield: true
     0 | D:1      | 0 ||| qw: God list: Okawaru
     0 | D:1      | 0 ||| qw: Allow faded altars: false
     0 | D:1      | 0 ||| qw: Do Orc after D:15 true
     0 | D:1      | 0 ||| qw: Do second Lair branch before Depths: true
     0 | D:1      | 0 ||| qw: Lair rune preference: random
     0 | D:1      | 0 ||| qw: Plans: Normal
     0 | D:1      | 0 ||| PLANNING D:1-11
   231 | D:1      | Reached XP level 2. HP: 16/16 MP: 4/4
   275 | D:1      | Reached skill level 6 in Ranged Weapons
   604 | D:1      | 604 ||| UPGRADING to +0 cloak.
   609 | D:1      | 609 ||| UPGRADING to ring of protection from cold.
   610 | D:1      | 610 ||| READING scroll labelled QIUCVE DILI.
   611 | D:1      | 611 ||| READING scroll labelled AJUZYE GOZAXAL.
   612 | D:1      | 612 ||| READING scroll labelled ERUALA MUZEUTZ.
   613 | D:1      | 613 ||| READING scroll labelled PYSYT SUIGG.
   617 | D:1      | 617 ||| DROPPING scroll of butterflies.
   770 | D:2      | Reached XP level 3. HP: 12/20 MP: 5/5
   845 | D:2      | You fall into a shaft and drop 2 floors!
   847 | D:4      | 847 ||| FLEEEEING.
   854 | D:4      | 854 ||| STAIRDANCE
   856 | D:3      | 856 ||| FLEEEEING.
   857 | D:3      | 857 ||| FLEEEEING.
   858 | D:3      | 858 ||| FLEEEEING.
   859 | D:3      | 859 ||| FLEEEEING.
   860 | D:3      | 860 ||| FLEEEEING.
   861 | D:3      | 861 ||| FLEEEEING.
   862 | D:3      | 862 ||| FLEEEEING.
   863 | D:3      | 863 ||| STAIRDANCE
   894 | D:2      | HP: 4/20 [worm (7)]
  1093 | D:2      | Reached skill level 7 in Ranged Weapons
  1640 | D:2      | 1640 ||| UPGRADING to +0 scale mail.
  1650 | D:2      | 1650 ||| DROPPING +0 leather armour.
  1651 | D:2      | 1651 ||| DRINKING 2 smoky silvery potions.
  1693 | D:3      | 1693 ||| STAIRDANCE
  1785 | D:3      | Identified the amulet "Unguulod" {RegenMP rF++ Slay+3}
  1815 | D:3      | Found a blossoming altar of Fedhas.
  1836 | D:3      | Reached XP level 4. HP: 25/25 MP: 6/6
  2124 | D:3      | HP: 4/25 [adder (3)]
  2125 | D:3      | Slain by an adder

Levels and vault maps discovered:
D:1:      scummos_arrival_hexagon, layout_basic
D:2:      layout_loops_corners
D:3:      layout_basic, mainiacjoe_overflow_alcove_4
D:4:      layout_cave_pools, gammafunk_ghost_stat_death, uniq_eustachio

Skill      XL: |  1  2  3 |
---------------+----------+-----
Ranged Weapons | 6 7 |  7.8
Fighting       | |  1.5
Dodging        | |  2.4
Stealth        | |  1.2

Action                     |  1- 3 |  4- 6 || total
---------------------------+-------+-------++-------
   Fire: Shortbow          |   125 |    30 ||   155
    Use: Scroll            |     4 |       ||     4
         Potion            |     1 |       ||     1
 Armour: Leather armour    |     7 |       ||     7
         Scale mail        |     7 |     4 ||    11
  Dodge: Dodged            |    26 |     4 ||    30

Table legend:
 A = Non-vault XP
 B = Vault XP
 C = Vault XP percentage of total XP
 D = Non-vault monster count
 E = Vault monster count
 F = Vault count percentage of total count
                 A         B        C        D         E       F
            +---------+---------+-------+---------+---------+-------
      Total |     132 |       0 |   0.0 |      47 |       0 |   0.0
            +---------+---------+-------+---------+---------+-------
        D:1 |      24 |       0 |   0.0 |      16 |       0 |   0.0
        D:2 |      64 |       0 |   0.0 |      23 |       0 |   0.0
        D:3 |      44 |       0 |   0.0 |       8 |       0 |   0.0
            +---------+---------+-------+---------+---------+-------
